Map: King's Cove LE

Players

Overmind

  • Race: Zerg Zerg
  • League: Diamond
  • Spawn Location: 11:00

Leviathan - Winner!

  • Race: Protoss Protoss
  • League: Diamond
  • Spawn Location: 5:00

VOD

Have the link to the VOD?

Description

I suck

Time

  • Played on: Dec. 7, 2024, 6:29 p.m.
  • Length: 36:22
Show
View Real Time Build Order
Export as new Build Order

Overmind Zerg 

Build Orders: Hatch First 

Get SALT Encoding   

  12  0:35  Hatchery  
  11  0:45  Spawning Pool  
  10  0:52  Drone  
  10  0:55  Drone  
  12  1:01  Drone  
  13  1:06  Drone  
  14  1:15  Overlord  
  14  1:33  Queen  
  14  1:35  Drone  
  14  1:38  Drone  
  18  1:50  Queen  
  20  2:02  Drone x2  
  20  2:06  Overlord  
  22  2:09  Drone  
  22  2:13  Drone  
  24  2:21  Drone  
  24  2:22  Drone  
  26  2:28  Queen  
  28  2:37  Drone  
  28  2:38  Drone  
  28  2:39  Drone  
  31  2:47  Drone  
  32  2:52  Extractor  
  32  2:54  Extractor  
  32  2:55  Drone x2  
  32  2:56  Drone  
  33  2:58  Drone  
  33  2:59  Drone x2  
  33  3:01  Overlord  
  36  3:35  Hatchery  
  36  3:39  Drone x4  
  36  3:40  Drone  
  40  3:41  Overlord  
  40  3:43  Drone x4  
  40  3:45  Overlord  
  44  3:56  Lair  
  44  3:58  Pneumatized Carapace  
  44  4:05  Evolution Chamber x2  
  44  4:07  Spore Crawler, Drone  
  44  4:08  Drone  
  43  4:13  Spore Crawler  
  42  4:31  Zerg Melee Weapons Level 1  
  42  4:33  Drone x2  
  42  4:34  Drone x3  
  47  4:40  Zergling x4  
  47  4:41  Zergling x4  
  47  4:43  Zergling x2  
  52  4:45  Zerg Ground Armor Level 1  
  52  4:56  Drone x3  
  52  4:57  Zergling x2  
  52  4:58  Zergling x2  
  52  4:59  Spore Crawler  
  56  5:05  Hatchery  
  56  5:07  Queen  
  55  5:11  Metabolic Boost  
  57  5:28  Overseer  
  57  5:31  Zergling x2  
  57  5:32  Overlord x2  
  57  5:33  Overlord x3  
  58  5:53  Zergling x16  
  58  5:54  Zergling x4  
  68  6:17  Zergling x2  
  68  6:18  Zergling x20  
  78  6:27  Drone  
  70  6:48  Zergling x26  
  82  6:54  Spore Crawler  
  82  6:55  Spore Crawler  
  82  6:56  Spore Crawler  
  68  7:22  Spore Crawler  
  67  7:28  Zergling x8  
  67  7:29  Zergling x20  
  81  7:42  Spore Crawler  
  80  7:45  Zerg Melee Weapons Level 2  
  80  7:46  Zerg Ground Armor Level 2  
  80  7:50  Drone x2  
  80  7:51  Drone x3  
  84  7:52  Drone x2  
  84  7:53  Drone  
  88  8:21  Zergling x22  
  88  8:22  Zergling x10  
  88  8:59  Zergling x14  
  95  9:10  Overlord x4  
  95  9:11  Overlord x2  
  95  9:28  Queen x2  
  94  9:50  Zergling x2  
  94  9:51  Zergling x44  
  97  10:25  Zergling x4  
  97  10:26  Zergling x26  
  84  10:36  Zergling x6  
  82  10:56  Zergling x6  
  82  10:57  Zergling x14  
  83  11:10  Infestation Pit, Zergling x4  
  83  11:11  Zergling x12  
  90  11:18  Zergling x4  
  92  11:28  Overseer  
  92  11:31  Zergling x10  
  97  11:42  Queen x2  
  97  11:43  Queen x2  
  105  11:49  Spore Crawler x2  
  105  11:50  Hatchery  
  105  11:54  Zergling x12  
  79  12:26  Queen x3, Hive  
  79  12:32  Drone x2  
  79  12:36  Drone x3  
  79  12:37  Drone  
  77  12:38  Drone x5  
  77  12:39  Drone x2  
  77  12:43  Spore Crawler  
  79  12:44  Spore Crawler  
  79  12:45  Spore Crawler  
  79  12:49  Drone x3  
  78  12:52  Spore Crawler  
  78  12:54  Zergling x10  
  78  12:55  Zergling x24  
  78  12:56  Hatchery  
  93  13:01  Queen  
  93  13:04  Spore Crawler x2  
  93  13:06  Spore Crawler x2  
  93  13:07  Spore Crawler  
  93  13:12  Zergling x8  
  94  13:13  Zergling x10  
  99  13:23  Drone x4  
  99  13:24  Drone x5  
  101  13:47  Spore Crawler x2  
  98  13:49  Spore Crawler x2  
  98  13:51  Drone  
  98  13:52  Spore Crawler x3, Drone x7  
  98  13:53  Drone x3  
  98  13:54  Zergling x10  
  109  13:56  Zergling x2  
  109  13:57  Zergling x2  
  111  14:09  Adrenal Glands  
  111  14:13  Zerg Melee Weapons Level 3  
  111  14:21  Zerg Ground Armor Level 3  
  111  14:35  Drone x2  
  113  14:38  Spore Crawler  
  113  14:40  Spore Crawler  
  113  14:41  Drone x4  
  113  14:42  Spore Crawler  
  113  14:43  Spore Crawler  
  113  14:44  Spore Crawler  
  112  14:47  Spore Crawler, Drone  
  112  14:48  Drone  
  112  14:49  Spore Crawler  
  112  14:50  Queen, Spore Crawler  
  112  14:52  Queen  
  115  15:25  Zergling x2  
  115  15:26  Zergling x14  
  106  15:43  Viper x2  
  106  15:44  Viper x2  
  115  15:51  Zergling x2  
  115  15:52  Zergling x2  
  115  15:53  Overlord x5  
  115  15:54  Overlord x3  
  117  16:05  Spore Crawler  
  95  16:41  Zergling x6  
  95  16:42  Zergling x44  
  95  16:46  Spore Crawler  
  117  16:48  Spore Crawler x2, Drone x3  
  117  16:49  Spore Crawler  
  117  16:53  Zergling x2  
  117  16:54  Zergling x14  
  125  17:03  Zergling x2  
  125  17:04  Zergling x2  
  125  17:13  Zergling x2  
  125  17:14  Zergling x32  
  125  17:15  Spore Crawler x2  
  140  17:17  Spore Crawler  
  140  17:18  Spore Crawler  
  138  17:23  Spine Crawler x2  
  138  17:24  Spine Crawler  
  138  17:25  Spine Crawler x2  
  138  17:27  Spine Crawler  
  132  17:38  Zergling x22  
  132  17:41  Hatchery  
  134  18:28  Zergling x2  
  134  18:29  Zergling x46  
  142  18:39  Viper x3  
  137  19:04  Zergling x2  
  137  19:05  Zergling x26  
  149  19:22  Extractor, Spire  
  149  19:23  Extractor  
  146  19:30  Drone x12  
  156  19:51  Hatchery  
  124  20:20  Zergling x18  
  124  20:21  Zergling x12  
  121  20:37  Extractor  
  120  21:04  Spore Crawler  
  120  21:05  Spore Crawler  
  120  21:06  Spore Crawler  
  120  21:08  Spore Crawler x2  
  120  21:10  Spore Crawler  
  114  21:16  Viper  
  114  21:17  Viper x2  
  111  21:40  Viper x2  
  111  21:43  Spore Crawler x2  
  111  21:45  Spore Crawler x2  
  111  21:46  Spore Crawler  
  112  21:47  Spore Crawler x2  
  112  21:48  Spore Crawler  
  109  21:55  Spawning Pool  
  73  22:44  Spore Crawler  
  73  22:45  Spore Crawler  
  73  22:46  Spore Crawler  
  73  22:47  Spore Crawler x2  
  73  22:48  Spore Crawler x4  
  73  22:49  Zergling x2  
  73  22:50  Zergling x28  
  79  22:52  Zergling x4  
  79  22:53  Zergling x2  
  82  23:03  Drone x2  
  69  23:26  Lair  
  69  23:29  Spore Crawler  
  69  23:30  Spore Crawler  
  69  23:31  Spore Crawler  
  69  23:32  Spore Crawler x2  
  69  23:33  Spore Crawler  
  63  23:36  Spore Crawler x2  
  63  23:38  Spore Crawler  
  63  23:39  Spore Crawler  
  50  23:48  Spore Crawler  
  50  23:49  Spore Crawler  
  50  23:52  Spore Crawler  
  50  23:53  Spore Crawler  
  50  23:54  Spore Crawler  
  41  24:21  Zergling x16  
  41  24:22  Zergling x4  
  41  24:23  Zergling x14  
  44  24:59  Drone  
  45  25:00  Infestation Pit, Drone x3  
  45  25:01  Drone x6  
  41  25:30  Zergling x10  
  41  25:31  Queen, Zergling x4  
  50  25:45  Spore Crawler  
  50  25:46  Spore Crawler  
  50  25:47  Spore Crawler, Zergling x6  
  50  25:48  Spore Crawler x2, Zergling x2  
  50  25:49  Spore Crawler  
  48  25:57  Drone  
  49  26:07  Queen  
  49  26:27  Zergling x10  
  54  26:38  Drone  
  55  26:41  Drone  
  49  27:25  Drone  
  49  27:26  Drone x3  
  43  28:12  Drone x2  
  38  28:13  Drone x3  
  41  28:33  Drone x4  
  41  29:18  Extractor  
  41  29:21  Drone x5  
  41  29:22  Extractor  
  41  29:23  Drone x4  
  41  29:24  Drone x3  
  50  29:25  Drone  
  26  30:42  Drone x2  
  28  30:43  Drone  
  28  30:44  Extractor  
  28  30:45  Extractor  
  19  31:41  Lair  
  19  31:45  Spore Crawler, Zergling x2  
  19  31:46  Spore Crawler, Zergling x20  
  34  31:49  Zergling x6  
  30  32:09  Drone x2  
  19  33:33  Infestor x3  
  13  34:09  Hatchery  
  1  35:15  Hatchery  
Show
View Real Time Build Order
Export as new Build Order

Leviathan Protoss - Winner!

Build Orders: 1 Gate Expand, Carriers 

Get SALT Encoding   

  12  0:00  Probe  
  13  0:12  Probe  
  14  0:19  Pylon  
  14  0:24  Probe  
  15  0:37  Probe  
  15  0:42  Gateway  
  16  0:45  Probe  
  17  0:50  Assimilator  
  17  0:53  Probe  
  17  1:04  Probe  
  19  1:16  Probe  
  20  1:29  Nexus  
  20  1:38  Cybernetics Core  
  20  1:41  Probe  
  21  1:52  Pylon  
  21  1:53  Probe  
  22  2:00  Assimilator  
  22  2:05  Adept, Probe  
  25  2:17  Probe  
  26  2:33  Probe  
  27  2:38  Stargate  
  27  2:42  Probe x2  
  27  2:50  Probe x2  
  27  2:51  Shield Battery  
  31  2:59  Probe x2  
  31  3:02  Warp Gate  
  33  3:08  Probe  
  33  3:12  Probe  
  35  3:16  Probe  
  35  3:24  Probe  
  35  3:26  Probe  
  42  3:36  Probe  
  42  3:37  Void Ray  
  42  3:38  Probe  
  44  3:42  Nexus  
  44  3:46  Pylon  
  44  3:48  Probe  
  44  3:50  Probe  
  46  3:58  Assimilator  
  46  4:01  Assimilator  
  46  4:04  Probe x2  
  46  4:09  Pylon  
  48  4:15  Forge  
  48  4:16  Probe x2  
  50  4:20  Robotics Facility  
  50  4:28  Probe x2  
  52  4:32  Void Ray  
  56  4:40  Probe x2  
  58  4:50  Probe x2  
  58  4:52  Pylon, Protoss Ground Weapons Level 1  
  60  4:53  Probe  
  60  4:58  Protoss Air Weapons Level 1, Probe  
  60  4:59  Probe  
  61  5:01  Probe  
  61  5:05  Photon Cannon  
  61  5:06  Probe  
  64  5:07  Probe, Shield Battery  
  64  5:09  Photon Cannon  
  64  5:11  Probe  
  64  5:12  Observer  
  68  5:18  Probe x2  
  70  5:23  Probe  
  70  5:27  Gateway  
  71  5:29  Gateway  
  71  5:31  Probe x2  
  73  5:36  Probe  
  73  5:42  Assimilator  
  74  5:43  Probe x2  
  74  5:45  Assimilator  
  74  5:48  Probe  
  77  5:51  Stargate, Pylon  
  77  5:55  Probe x2  
  79  5:58  Photon Cannon  
  79  6:03  Probe  
  80  6:07  Probe x2  
  80  6:10  Nexus  
  82  6:12  Pylon  
  82  6:14  Immortal  
  82  6:16  Probe  
  91  6:19  Probe  
  91  6:21  Void Ray  
  92  6:27  Probe  
  92  6:30  Probe  
  94  6:38  Pylon  
  94  6:40  Pylon, Zealot x3  
  94  6:42  Pylon  
  94  6:43  Pylon  
  71  7:02  Stalker  
  71  7:03  Stalker x2  
  71  7:08  Probe x3  
  74  7:13  Robotics Bay  
  74  7:17  Probe x2  
  74  7:20  Probe  
  77  7:25  Probe x2  
  77  7:29  Zealot x3  
  85  7:30  Probe  
  85  7:33  Probe  
  85  7:34  Probe  
  85  7:35  Photon Cannon  
  86  7:37  Probe, Photon Cannon  
  86  7:38  Probe  
  86  7:40  Pylon  
  86  7:41  Probe  
  90  7:46  Probe x2  
  90  7:49  Probe  
  90  7:50  Protoss Shields Level 1  
  90  7:51  Probe  
  102  7:57  Void Ray x2  
  103  8:04  Probe  
  103  8:05  Probe x3  
  107  8:11  Colossus  
  113  8:16  Probe  
  113  8:17  Probe x2  
  113  8:19  Protoss Air Armor Level 1  
  116  8:20  Fleet Beacon  
  116  8:23  Stargate  
  116  8:30  Stalker x2  
  124  8:35  Probe x2  
  124  8:38  Probe  
  124  8:40  Void Ray x2  
  126  8:41  Probe  
  126  8:43  Probe  
  118  8:52  Stalker  
  118  8:53  Stalker x2  
  122  9:00  Probe x3, Photon Cannon  
  122  9:01  Probe  
  122  9:02  Photon Cannon  
  126  9:05  Photon Cannon  
  126  9:12  Probe x3  
  126  9:13  Probe  
  130  9:20  Pylon x2  
  130  9:21  Colossus  
  130  9:24  Carrier  
  142  9:32  Pylon  
  142  9:34  Extended Thermal Lance, Pylon  
  142  9:43  Photon Cannon  
  142  9:45  Photon Cannon  
  142  9:46  Shield Battery, Photon Cannon  
  142  9:51  Stalker x3  
  148  9:54  Photon Cannon  
  144  10:03  Photon Cannon  
  127  10:16  Probe x2  
  128  10:23  Probe x2  
  128  10:26  Zealot  
  123  10:38  Probe x3  
  126  10:50  Probe x3  
  123  11:01  Pylon  
  123  11:02  Probe x3  
  126  11:14  Colossus, Probe  
  126  11:16  Nexus  
  133  11:18  Pylon  
  133  11:19  Probe x2  
  133  11:25  Void Ray  
  139  11:26  Probe  
  139  11:27  Pylon  
  139  11:28  Gateway  
  139  11:29  Observer  
  139  11:31  Probe  
  141  11:33  Assimilator  
  141  11:36  Probe  
  141  11:38  Probe  
  143  11:43  Probe  
  144  11:48  Probe  
  145  12:00  Assimilator  
  139  12:04  Pylon  
  139  12:06  Pylon  
  139  12:07  Colossus  
  127  12:15  Zealot  
  121  12:21  Probe x3  
  115  12:32  Void Ray  
  108  12:41  Probe x2, Photon Cannon  
  108  12:42  Probe  
  108  12:43  Probe  
  112  12:44  Photon Cannon  
  112  12:45  Photon Cannon  
  112  12:49  Probe x2  
  112  12:54  Probe  
  112  12:55  Probe, Zealot x2  
  112  12:57  Probe  
  120  13:02  Gateway  
  120  13:03  Gateway  
  120  13:05  Probe  
  121  13:06  Probe, Pylon  
  121  13:07  Probe  
  121  13:09  Probe  
  129  13:13  Stargate, Pylon  
  129  13:15  Void Ray  
  129  13:16  Pylon  
  129  13:17  Probe  
  129  13:18  Probe  
  129  13:19  Stargate, Probe  
  132  13:20  Pylon  
  132  13:21  Probe  
  133  13:29  Probe  
  133  13:30  Probe  
  133  13:31  Probe  
  133  13:33  Probe  
  121  13:41  Probe  
  121  13:43  Probe x2  
  121  13:45  Probe  
  121  13:46  Zealot x2  
  129  13:53  Probe  
  129  13:55  Probe x2  
  131  13:57  Probe  
  133  14:05  Probe  
  133  14:07  Probe  
  133  14:08  Probe, Nexus  
  133  14:09  Probe  
  137  14:10  Nexus  
  137  14:12  Gateway x2, Pylon, Photon Cannon  
  137  14:14  Gateway  
  137  14:17  Gateway, Pylon  
  137  14:18  Probe  
  150  14:26  Fleet Beacon  
  150  14:28  Void Ray x3, Zealot x2  
  154  14:37  Probe x2  
  154  14:38  Probe  
  157  14:49  Colossus  
  163  15:09  Assimilator  
  163  15:13  Assimilator  
  163  15:17  Zealot x8  
  163  15:20  Protoss Ground Armor Level 1  
  144  15:34  Twilight Council  
  144  15:35  Assimilator  
  140  15:37  Zealot x2  
  140  15:38  Zealot x6  
  140  15:42  Colossus  
  161  15:55  Nexus  
  161  15:57  Pylon  
  161  15:59  Carrier  
  161  16:00  Carrier x2  
  179  16:07  Probe x3  
  182  16:14  Charge  
  182  16:19  Probe x3  
  185  16:31  Probe x3  
  170  16:54  Carrier  
  170  16:57  Tempest  
  170  17:04  Carrier  
  170  17:17  Protoss Shields Level 2  
  170  17:18  Assimilator  
  170  17:20  Protoss Air Weapons Level 2  
  170  17:21  Assimilator  
  170  17:30  Pylon  
  170  17:31  Mothership  
  170  17:36  Tempest  
  178  17:42  Gateway  
  178  17:43  Gateway  
  182  17:44  Blink  
  182  17:45  Gateway  
  182  17:46  Photon Cannon  
  182  17:47  Photon Cannon  
  182  17:49  Shield Battery  
  182  17:50  Pylon x2  
  182  17:52  Observer  
  182  17:58  Tempest  
  187  18:08  Tempest  
  187  18:09  Observer  
  192  18:15  Tempest  
  196  18:21  Photon Cannon  
  196  18:23  Photon Cannon  
  196  18:25  Pylon  
  196  18:31  Tempest  
  184  18:35  Colossus  
  194  18:43  Carrier  
  187  18:50  Tempest  
  197  19:08  Zealot  
  199  19:10  Nexus  
  199  19:13  Assimilator  
  199  19:16  Pylon  
  196  19:35  Photon Cannon  
  196  19:39  Photon Cannon  
  196  19:42  Photon Cannon  
  196  19:44  Observer  
  190  19:54  Probe x2  
  190  19:55  Probe  
  193  20:00  Pylon  
  193  20:01  Carrier  
  193  20:02  Pylon  
  193  20:04  Pylon  
  193  20:06  Pylon  
  194  20:27  Photon Cannon  
  184  20:29  Photon Cannon  
  184  20:44  Nexus  
  184  20:46  Assimilator  
  184  20:48  Pylon  
  167  21:17  Probe  
  167  21:18  Probe x2  
  146  21:19  Fleet Beacon  
  128  21:29  Probe  
  128  21:30  Probe x2  
  131  21:42  Probe x3  
  134  21:54  Probe x3, Zealot x2  
  135  21:55  Zealot x5  
  131  22:06  Probe x3  
  127  22:11  Twilight Council  
  125  22:17  Observer  
  125  22:18  Probe x3  
  125  22:22  Zealot x6  
  140  22:30  Probe x3  
  121  22:43  Probe  
  117  22:44  Probe x2  
  120  22:51  Probe  
  120  22:52  Probe x2  
  123  23:00  Probe x2  
  123  23:01  Probe, Nexus  
  123  23:03  Probe  
  123  23:04  Pylon  
  127  23:06  Carrier  
  127  23:07  Carrier  
  127  23:12  Pylon x2  
  139  23:14  Pylon  
  139  23:15  Probe  
  139  23:19  Carrier  
  130  23:38  Probe x3  
  113  24:10  Stargate x2  
  113  24:11  Carrier x2  
  113  24:13  Stargate  
  113  24:16  Pylon  
  125  24:21  Templar Archives  
  125  24:22  Zealot x5  
  125  24:23  Carrier, Zealot x2  
  145  24:30  Probe x4  
  145  24:31  Probe  
  150  24:38  Nexus  
  136  24:41  Pylon  
  136  24:42  Probe x4  
  120  24:46  Protoss Air Weapons Level 3  
  120  24:49  Probe  
  118  24:54  Probe x2  
  118  24:57  Stalker  
  118  24:59  Stalker  
  123  25:02  Probe  
  123  25:03  Probe  
  116  25:14  Probe x4  
  113  25:44  Carrier  
  113  26:21  Zealot x7  
  121  26:32  Tempest  
  116  27:02  Observer  
  102  27:23  Probe x5  
  107  27:33  Zealot  
  107  27:34  Zealot x3  
  97  28:13  Probe x2  
  97  28:14  Probe  
  100  28:21  Probe x2  
  100  28:26  Probe  
  103  28:29  Probe x2  
  105  28:35  Nexus  
  105  28:38  Probe  
  105  28:40  Probe x2  
  107  28:44  Observer  
  108  28:48  Observer  
  108  28:50  Probe  
  108  28:54  Pylon  
  109  28:56  Probe x2  
  111  29:17  Probe x2  
  111  29:18  Probe  
  114  29:29  Probe  
  114  29:30  Probe x2  
  117  29:42  Probe x3  
  114  29:54  Probe  
  109  30:28  Tempest x2  
  117  30:49  Probe x4  
  121  31:01  Probe x4  
  125  31:13  Probe  
  125  31:16  Tempest x3  
  138  31:23  Probe x3  
  138  31:25  Probe  
  142  31:35  Probe x2  
  144  31:51  Pylon  
  144  32:01  Psionic Storm  
  144  32:16  Probe x3  
  147  32:24  Zealot x4  
  147  32:25  Zealot x3  
  150  32:46  Nexus  
  150  32:50  Probe  
  151  32:58  Probe x2  
  153  33:05  Nexus  
  153  33:09  Pylon  
  153  33:11  Probe  
  153  33:12  Carrier  
  160  33:22  Protoss Air Armor Level 2  
  154  33:44  Unknown  
  150  34:33  Probe x2  
  150  34:34  Probe x4  
  156  34:45  Probe  
  156  34:46  Probe x5  
  156  34:47  Forge  
  156  34:48  Gateway  
  156  34:51  Pylon  
  162  34:58  Probe x6  
  162  34:59  Nexus  
  168  35:01  Pylon  
  168  35:10  Probe  
Tags
 
Add a new tag
Caveats
  • Supply blocks, unpowered buildings, or Contaminate may cause inaccurate times.
  • Supply counts are checked every 10 seconds.